 Seeded DCSS version 0.29-a0-375-g5102b3be25 (webtiles) character file.

Game seed: 13605594255664981076 (custom seed)

3327 thiscave3701365 the Severer (level 9, -2/74 HPs)
             Began as a Minotaur Berserker on May 3, 2022.
             Was a Priest of Trog.
             Asphyxiated
             ... on level 7 of the Dungeon.
             The game lasted 00:07:00 (10961 turns).

thiscave3701365 the Severer (Minotaur Berserker)   Turns: 10961, Time: 00:07:01

Health: -2/74      AC: 13    Str: 26    XL:     9   Next: 71%
Magic:  8/8        EV:  8    Int:  4    God:    Trog [***...]
Gold:   320        SH:  0    Dex: 10    Spells: 8/8 levels left

rFire   . . .      SeeInvis .   a - +0 hand axe
rCold   . . .      Faith    .   (no shield)
rNeg    . . .      Spirit   .   y - +0 plate armour
rPois   .          Reflect  .   (helmet restricted)
rElec   .          Harm     .   p - +0 cloak
rCorr   .          Rampage  .   (no gloves)
Will    +....                   (no boots)
Stlth   ..........              (no amulet)
HPRegen 0.22/turn               (no ring)
MPRegen 0.11/turn               (no ring)

@: lethally poisoned (-2 -> -29), on berserk cooldown, slowed, very slow
A: horns 2, retaliatory headbutt, hooves 1, strong-willed 1
a: Renounce Religion, Berserk, Trog's Hand


You were on level 7 of the Dungeon.
You worshipped Trog.
Trog was most pleased with you.
You visited 1 branch of the dungeon, and saw 7 of its levels.
You also visited: Ossuary.

You collected 320 gold pieces.

Inventory:

Hand Weapons
 a - a +0 hand axe (weapon)
Missiles
 w - a throwing net
Armour
 p - a +0 cloak (worn)
 y - a +0 plate armour (worn)
Jewellery
 s - a ring of protection from cold
Wands
 i - a wand of polymorph (4)
 v - a wand of charming (10)
 x - a wand of digging (3)
Scrolls
 b - a scroll of fear {unknown}
 d - a scroll of immolation {unknown}
 e - 8 scrolls of identify {unknown}
 g - a scroll of blinking {unknown}
 h - 2 scrolls of fog {unknown}
 j - 3 scrolls of vulnerability {unknown}
 k - 2 scrolls of poison {unknown}
 q - a scroll of torment {unknown}
 r - 2 scrolls of teleportation {unknown}
 A - a scroll of noise {unknown}
 D - a scroll of magic mapping {unknown}
Potions
 c - a potion of brilliance {unknown}
 f - 4 potions of haste {unknown}
 l - a potion of might {unknown}
 m - a potion of ambrosia {unknown}
 n - a potion of magic {unknown}
 o - a potion of flight {unknown}
 t - 3 potions of heal wounds {unknown}
 u - 2 potions of mutation
 z - 3 potions of lignification {unknown}
 B - 3 potions of curing {unknown}
 C - 2 potions of degeneration {unknown}


   Skills:
 + Level 5.2 Fighting
 + Level 15.5 Axes
 + Level 4.1 Armour
 + Level 2.9 Dodging
 + Level 0.5 Stealth


You had 8 spell levels left.
You didn't know any spells.
Your spell library was empty.

Dungeon Overview and Level Annotations

Branches:
Dungeon (7/15)             Temple (0/1) D:4         Ossuary (visited)

Altars:
Ashenzari
Cheibriados
Gozag
Makhleb
Nemelex Xobeh
Okawaru
Uskayaw

Shops:
D:6 !


Innate Abilities, Weirdness & Mutations

You have a pair of horns on your head.
You reflexively headbutt those who attack you in melee.
You have large cloven feet.
You are strong-willed. (Will+)


Message History

You closely miss the shadow imp. Your headbutt misses the shadow imp.
The shadow imp hits you but does no damage.
You slash the shadow imp!
The shadow imp is severely wounded.
The shadow imp hits you but does no damage.
You hit the shadow imp but do no damage.
You headbutt the shadow imp.
The shadow imp is almost dead.
The shadow imp hits you but does no damage.
You hit the shadow imp.
The shadow imp is almost dead.
The shadow imp hits you but does no damage.
You hit the shadow imp but do no damage.
The shadow imp is almost dead.
The shadow imp hits you but does no damage.
You slash the shadow imp!
You kill the shadow imp!
Trog accepts your kill.
You are no longer glowing.
You start resting.
A kobold brigand comes into view.
It is wielding a +0 short sword and quivering curare-tipped darts.
A kobold brigand is nearby!
A kobold brigand is nearby!
A kobold brigand is nearby!
The kobold brigand shouts!
The kobold brigand throws a curare-tipped dart.
The curare-tipped dart hits you.
You are poisoned.
You have difficulty breathing.
* * * LOW HITPOINT WARNING * * *
You feel as though you will be slow longer.
It was a potion of mutation.
You feel extremely strange.
You feel strong-willed.
Your feet thicken and deform.
* * * LOW HITPOINT WARNING * * *
You feel very sick.
The kobold brigand throws a curare-tipped dart.
The curare-tipped dart hits you.
You are more poisoned.
You have difficulty breathing.
You die...

.... .... ... ..
##.### #....#
#...!# #...@# #
###....####.#.. .#
..................+
..##.....####.....#
. #.....#### ....#
#........#......
#......)).......
.....#.K$.))......
.....#...)).......


You could see a kobold brigand.

Vanquished Creatures
  A cyclops (D:6)
  A hornet (D:6)
  A yak (D:7)
  A wyvern (D:7)
  A vampire mosquito (D:7)
  2 water moccasins (D:6)
  2 ice beasts
  2 black bears
  3 ogres
  3 phantoms
  2 elf zombies (Ossuary)
  2 necrophages (D:5)
  A kobold brigand (D:7)
  2 scorpions (D:6)
  A centaur zombie (Ossuary)
  A hound (D:5)
  A human zombie (Ossuary)
  2 orc priests (D:4)
  A jelly (D:6)
  2 gnoll shamans
  An iguana (D:3)
  4 orc wizards
  3 mummies
  17 gnolls
  9 adders
  A shadow imp (D:7)
  2 white imps (D:7)
  2 ufetubi
  An adder zombie (Ossuary)
  A worm (D:5)
  27 orcs
  4 endoplasms
  3 giant cockroaches
  8 goblins
  4 hobgoblins
  3 jackals (D:1)
  A quokka (D:4)
  10 ball pythons
  A bat (D:3)
  3 frilled lizards
  A goblin zombie (Ossuary)
  11 hobgoblin zombies (Ossuary)
  5 kobolds
  9 kobold zombies (Ossuary)
  6 orc zombies (Ossuary)
  7 rats
  4 rat zombies (Ossuary)
180 creatures vanquished.

Notes
Turn   | Place    | Note
-------+----------+-------------------------------------------
     0 | D:1      | thiscave3701365 the Minotaur Berserker began the quest for
                  | the Orb.
     0 | D:1      | Reached XP level 1. HP: 19/19 MP: 0/0
   283 | D:1      | Found a faded altar of an unknown god.
   359 | D:1      | Reached XP level 2. HP: 27/27 MP: 1/1
   360 | D:1      | Reached skill level 4 in Axes
   975 | D:2      | Reached XP level 3. HP: 33/33 MP: 2/2
   980 | D:2      | Reached ** piety under Trog
   981 | D:2      | Reached skill level 5 in Axes
  1425 | D:2      | Reached XP level 4. HP: 40/40 MP: 3/3
  2110 | D:3      | Reached skill level 6 in Axes
  2506 | D:3      | Found a burning altar of Makhleb.
  2506 | D:3      | Found a hide-covered altar of Uskayaw.
  2917 | D:3      | Reached XP level 5. HP: 46/46 MP: 4/4
  3678 | D:4      | Noticed an ogre
  3687 | D:4      | Killed an ogre
  3688 | D:4      | Reached skill level 7 in Axes
  4313 | D:4      | Found a staircase to the Ecumenical Temple.
  4386 | D:4      | Found an opulent altar of Gozag.
  4386 | D:4      | Found a sparkling altar of Nemelex Xobeh.
  4479 | D:4      | Reached XP level 6. HP: 52/52 MP: 5/5
  4488 | D:4      | Reached skill level 8 in Axes
  4861 | D:4      | Found an iron altar of Okawaru.
  4948 | D:4      | Found a snail-covered altar of Cheibriados.
  5918 | D:5      | Entered Level 5 of the Dungeon
  6037 | D:5      | Reached skill level 9 in Axes
  6124 | D:5      | Reached XP level 7. HP: 59/59 MP: 6/6
  6204 | D:5      | Reached skill level 10 in Axes
  6891 | D:5      | Reached skill level 11 in Axes
  7440 | D:5      | Reached XP level 8. HP: 65/66 MP: 7/7
  7520 | D:5      | Found a broken altar of Ashenzari.
  7597 | D:5      | Reached skill level 12 in Axes
  8136 | D:6      | Noticed a hornet
  8143 | D:6      | Paralysed by a hornet for 3 turns
  8151 | D:6      | Killed a hornet
  8664 | D:6      | Noticed a cyclops
  8676 | D:6      | Killed a cyclops
  8677 | D:6      | Reached skill level 13 in Axes
  8678 | D:6      | Reached skill level 14 in Axes
  8936 | D:6      | Reached XP level 9. HP: 70/71 MP: 8/8
 10183 | D:6      | Found Yssic's Distillery.
 10438 | D:7      | Found a sand-covered staircase.
 10446 | Ossuary  | Entered an ossuary
 10518 | Ossuary  | Reached skill level 15 in Axes
 10523 | Ossuary  | Reached *** piety under Trog
 10935 | D:7      | Reached skill level 5 in Fighting
 10961 | D:7      | Gained mutation: You are strong-willed. (Will+) [potion of
                  | mutation]
 10961 | D:7      | Gained mutation: You have large cloven feet. [potion of
                  | mutation]
 10961 | D:7      | Asphyxiated

Illustrated notes

Levels and vault maps discovered:
D:1:      wander_arrival_lonely_grave, layout_basic,
          ebering_ecumenical_altar_rust
D:2:      layout_basic, minmay_misc_feat_tower, grunt_decor_mini_mirrors
D:3:      layout_basic, mainiacjoe_overflow_divided_tiny
D:4:      layout_loops_ring, grunt_temple_overflow_opulence,
          general_overflow_altar, mainiacjoe_overflow_24_doors, temple_doors_ab
D:5:      layout_basic, mainiacjoe_overflow_paths
D:6:      layout_basic, serial_shops, nicolae_shop_behind_doors,
          minmay_increasing_density
D:7:      layout_basic, nicolae_ossuary_entry_giza, minmay_manual_mess

Skill      XL: |  1  2  3  4  5  6  7  8  9 |
---------------+----------------------------+-----
Axes           | 4 5 6 7 9 11 14 15 | 15.5
Fighting       | 4 5 |  5.2
Armour         | 4 |  4.1
Dodging        | |  2.9
Stealth        | |  0.5

Action                   |  1- 3 |  4- 6 |  7- 9 || total
-------------------------+-------+-------+-------++-------
Melee: Hand axe          |    51 |   160 |   263 ||   474
       Headbutt          |     4 |    21 |    51 ||    76
       Punch             |     1 |     2 |     2 ||     5
Invok: Berserk           |     1 |    11 |    16 ||    28
  Use: Potion            |       |       |     1 ||     1
Armor: Animal skin       |     7 |       |       ||     7
       Scale mail        |     7 |    13 |       ||    20
       Chain mail        |       |    40 |    27 ||    67
       Plate armour      |       |       |    92 ||    92
Dodge: Dodged            |    27 |    49 |    50 ||   126

Table legend: (Time is in decaauts)
 A = Elapsed time spent in this place.
 B = Non-inter-level travel time spent in this place.
 C = Inter-level travel time spent in this place.
 D = Time resting spent in this place.
 E = Time spent auto-exploring this place.
 F = Levels seen in this place.
 G = Mean time per level.
                   A        B        C        D        E       F      G
               +--------+--------+--------+--------+--------+-----+--------+
         Total |  11110 |  10848 |    262 |   5260 |   4615 |   8 | 1388.8 |
       Dungeon |  10696 |  10434 |    262 |   5050 |   4499 |   7 | 1528.0 |
       Ossuary |    413 |    413 |      0 |    210 |    116 |   1 |  413.0 |
               +--------+--------+--------+--------+--------+-----+--------+

Top non-repeatable levels by time:
     D:6: 2297 daAuts
     D:5: 2223 daAuts
     D:3: 2163 daAuts
     D:4: 1727 daAuts
     D:2: 1263 daAuts
     D:1: 843 daAuts
 Ossuary: 413 daAuts
     D:7: 177 daAuts
